 Dungeon Crawl Stone Soup version 0.23-a0-419-g0174fd8 (webtiles) character file.

14191 galech the Cleaver (level 11, -2/84 HPs)
             Began as a Demonspawn Fighter on Nov 12, 2018.
             Was a High Priest of Okawaru.
             Killed from afar by Fannar (29 damage)
             ... with a bolt of cold
             ... on level 12 of the Dungeon.
             The game lasted 00:18:59 (11663 turns).

galech the Cleaver (Demonspawn Fighter)            Turns: 11663, Time: 00:18:59

Health: -2/84      AC: 16    Str: 17    XL:     11   Next: 85%
Magic:  22/22      EV: 19    Int: 10    God:    Okawaru [*****.]
Gold:   769        SH: 10    Dex: 20    Spells: 10/10 levels left

rFire    + . .     SeeInvis .   B - +2 hand axe (venom)
rCold    . . .     Gourm    .   H - +3 warlock's mirror {reflect}
rNeg     . . .     Faith    .   x - +2 ring mail {rF+}
rPois    .         Spirit   .   (helmet unavailable)
rElec    .         Reflect  +   v - +1 cloak
rCorr    .         Harm     .   (no gloves)
MR       +....                  J - +0 pair of boots
Stlth    +++.......             (no amulet)
HPRegen  0.24/turn              a - ring of protection from magic
MPRegen  0.18/turn              G - ring of magical power

@: agile
A: horns 3, iridescent scales 2, powered by death 1, powered by pain 1
a: Heroism, Finesse, Renounce Religion


You were on level 12 of the Dungeon.
You worshipped Okawaru.
Okawaru was extremely pleased with you.
You were not hungry.

You visited 3 branches of the dungeon, and saw 15 of its levels.

You collected 769 gold pieces.

Inventory:

Hand Weapons
 p - a +3 hand axe of draining
 B - a +2 hand axe of venom (weapon)
Armour
 t - a +3 leather armour of fire resistance
 v - a +1 cloak (worn)
 x - a +2 ring mail of fire resistance (worn)
 H - the +3 warlock's mirror (worn) {reflect}
   (Okawaru gifted it to you on level 9 of the Dungeon)
 J - a +0 pair of boots (worn)
Jewellery
 a - a ring of protection from magic (left hand)
 y - an uncursed ring of fire
 G - a ring of magical power (right hand)
Wands
 b - a wand of iceblast (7)
 w - a wand of disintegration (12)
 C - a wand of random effects (22)
Scrolls
 c - a scroll of torment {unknown}
 d - 3 scrolls of fog
 h - 3 scrolls of magic mapping
 i - 6 scrolls of identify
 j - 5 scrolls of amnesia
 m - a scroll of enchant armour
 q - 2 scrolls of random uselessness {unknown}
 s - 5 scrolls of remove curse
 z - 7 scrolls of teleportation {unknown}
 A - a scroll of enchant weapon
 D - a scroll of vulnerability {unknown}
Potions
 g - a potion of ambrosia {unknown}
 k - 2 potions of haste
 l - a potion of heal wounds
 n - a potion of degeneration {unknown}
 o - 4 potions of curing
 r - 3 potions of brilliance {unknown}
 u - a potion of agility
 E - a potion of resistance {unknown}
 F - 2 potions of might
 I - a potion of berserk rage {unknown}
Comestibles
 f - 20 rations
 K - 9 chunks of flesh


   Skills:
 + Level 7.6 Fighting
 + Level 11.9 Axes
 + Level 6.4 Armour
 + Level 5.4 Dodging
 + Level 2.6 Stealth
 + Level 8.0 Shields
 + Level 2.7 Invocations


You had 10 spell levels left.
You didn't know any spells.
Your spell library contained the following spells:

 Spells                   Type           Power        Failure   Level  Hunger
 Confusing Touch          Hex            #.....       54%         1    ##.....
 Corona                   Hex            #......      54%         1    ##.....
 Flame Tongue             Conj/Fire      #....        54%         1    ##.....
 Slow                     Hex            #.......     67%         2    ###....
 Throw Flame              Conj/Fire      #.....       67%         2    ###....
 Confuse                  Hex            #.......     88%         3    ####...
 Conjure Flame            Conj/Fire      #.......     88%         3    ####...
 Gell's Gravitas          Tloc           #.........   88%         3    ####...
 Inner Flame              Hex/Fire       #.......     88%         3    ####...
 Portal Projectile        Hex/Tloc       #.....       88%         3    ####...
 Cause Fear               Hex            #.........   99%         4    #####..
 Leda's Liquefaction      Hex/Erth       #.........   99%         4    #####..
 Petrify                  Tmut/Erth      #.......     99%         4    #####..
 Sticky Flame             Conj/Fire      #.......     99%         4    #####..
 Fireball                 Conj/Fire      #.........   100%        5    ######.
 Metabolic Englaciation   Hex/Ice        #.........   100%        5    ######.
 Yara's Violent Unravell  Hex/Tmut       #.........   100%        5    ######.


Dungeon Overview and Level Annotations

Branches:
Dungeon (12/15)            Temple (1/1) D:4            Lair (0/6) D:8
    Orc (2/2) D:11            Elf (0/3) Orc:2

Altars:
Ashenzari
Cheibriados
Dithmenos
Elyvilon
Fedhas
Gozag
Hepliaklqana
Kikubaaqudgha
Makhleb
Nemelex Xobeh
Okawaru
Qazlal
Ru
Sif Muna
Trog
Uskayaw
Vehumet
Wu Jian
Xom
Yredelemnul
Zin
The Shining One

Shops:
D:6 [   D:8 ?   D:9 (

Annotations:
D:3 1 runed door, Karim's ghost, amateur DsCj
D:6 1 runed door, Tovarisch's ghost, novice DgSk
D:12 Fannar
Orc:2 Maurice


Innate Abilities, Weirdness & Mutations

You have a pair of large horns on your head.
You are mostly covered in iridescent scales. (AC +4)
You regenerate a little health from kills.
You sometimes gain a little power by taking damage.


Message History

Unknown command.
You closely miss Fannar.
Fannar is severely wounded.
Fannar points at you and mumbles some strange words.
The bolt of cold hits you! Fannar hits you but does no damage.
You miss Fannar.
Fannar is severely wounded.
Fannar mumbles some strange words.
Unknown command.
You barely miss Fannar.
Fannar is severely wounded.
You closely miss the ice beast. You headbutt the ice beast.
The ice beast is lightly wounded.
Fannar murmurs some mystic words to himself.
You hit Fannar. You headbutt Fannar.
Fannar is severely wounded.
You hit the ice beast. You closely miss the ice beast.
Fannar gestures at you while chanting. The bolt of cold hits you!
You die...

#.............
#.............
#.............
#............. #
#>.......... ##
#........ .. ###.
#..YYe# .. #...
####@# #. #... #....#
#.# ##...
#.########.######..#)
#)# #...........#.)
###.# #.##.....#.##.)
###...#
#.##..####.##..
#...### #.....#
#..... #.### ##....#
####.. ##.# #...##
##..


You could see Fannar and 2 ice beasts.

Vanquished Creatures
  2 two-headed ogres
  A death knight (D:12)
  Sonja (D:11)
  An unseen horror (D:11)
  2 ugly things
  A manticore (D:11)
  Psyche (D:9)
  Joseph (D:7)
  3 trolls
  Grinder (D:6)
  A wraith (D:10)
  A vampire (D:11)
  A wyvern (D:11)
  2 hungry ghosts
  A basilisk (D:8)
  Menkaure (D:7)
  Edmund (D:6)
  A porcupine (D:8)
  Duvessa (D:6)
  A water moccasin (D:8)
  5 orc warriors
  3 sky beasts
  2 ice beasts
  An eye of draining (D:11)
  3 black bears
  8 ogres
  A phantom (D:5)
  3 wolves (D:8)
  6 centaurs
  3 crocodiles
  2 big kobolds
  6 bullfrogs
  A gnoll sergeant (D:9)
  Dowan (D:6)
  5 scorpions
  5 killer bees (D:12)
  5 wights (D:6)
  3 howler monkeys
  8 crimson imps
  A quasit (D:8)
  A bullfrog zombie (D:5)
  4 hounds
  2 jellies
  4 centaur zombies
  6 orc priests
  Crazy Yiuf (D:6)
  3 bullfrog skeletons
  A gnoll shaman (D:7)
  12 orc wizards
  Natasha (thrice) (D:3)
  5 iguanas
  9 worker ants
  A killer bee zombie (D:6)
  A hound zombie (D:7)
  2 hound skeletons
  A howler monkey zombie (D:5)
  2 worker ant zombies
  11 gnolls
  A howler monkey skeleton (D:3)
  14 adders
  4 shadow imps
  2 oozes (D:4)
  4 worms
  2 dart slugs (D:2)
  7 leopard geckos
  60 orcs
  2 ball pythons
  5 giant cockroaches
  10 goblins
  7 hobgoblins
  14 jackals
  5 quokkas
  9 bats
  6 frilled lizards
  12 kobolds
  A leopard gecko zombie (D:8)
  2 quokka skeletons
  10 rats
343 creatures vanquished.

Vanquished Creatures (others)
  A cyclops (D:11)
1 creature vanquished.

Grand Total: 344 creatures vanquished

Notes
Turn   | Place    | Note
-------+----------+-------------------------------------------
     0 | D:1      | galech the Demonspawn Fighter began the quest for the Orb.
     0 | D:1      | Reached XP level 1. HP: 18/18 MP: 1/1
   113 | D:1      | Reached skill level 2 in Axes
   174 | D:1      | Gained mutation: You sometimes gain a little power by
                  | taking damage. [demonic ancestry]
   174 | D:1      | Reached XP level 2. HP: 20/24 MP: 2/2
   733 | D:2      | Gained mutation: You have a pair of small horns on your
                  | head. [demonic ancestry]
   733 | D:2      | Reached XP level 3. HP: 17/29 MP: 3/3
  1283 | D:2      | Reached skill level 3 in Axes
  1283 | D:2      | Gained mutation: You have a pair of horns on your head.
                  | [demonic ancestry]
  1283 | D:2      | Reached XP level 4. HP: 22/35 MP: 4/4
  1660 | D:3      | Noticed Natasha
  1667 | D:3      | Killed Natasha
  1910 | D:2      | Gained mutation: You have a pair of large horns on your
                  | head. [demonic ancestry]
  1910 | D:2      | Reached XP level 5. HP: 8/41 MP: 5/5
  2573 | D:3      | Noticed Natasha
  2581 | D:3      | Killed Natasha
  2581 | D:3      | Reached skill level 1 in Dodging
  2619 | D:3      | Gained mutation: You regenerate a little health from kills.
                  | [demonic ancestry]
  2619 | D:3      | Reached XP level 6. HP: 22/48 MP: 6/6
  2776 | D:3      | Noticed Natasha
  2778 | D:3      | Killed Natasha
  2882 | D:3      | Reached skill level 4 in Axes
  2912 | D:3      | Found a runed door.
  2916 | D:3      | Noticed Karim's ghost (amateur DsCj)
  3543 | D:4      | Found a staircase to the Ecumenical Temple.
  3560 | Temple   | Entered the Ecumenical Temple
  3597 | Temple   | Became a worshipper of Warmaster Okawaru
  3720 | D:4      | Reached XP level 7. HP: 51/53 MP: 7/7
  3745 | D:4      | Found a shattered altar of Ashenzari.
  3976 | D:4      | Reached skill level 5 in Axes
  4067 | D:5      | Entered Level 5 of the Dungeon
  4320 | D:5      | Reached * piety under Okawaru
  4394 | D:5      | Found a bloodstained altar of Trog.
  4544 | D:5      | Reached skill level 6 in Axes
  4778 | D:6      | Noticed Duvessa
  4778 | D:6      | Noticed Dowan
  4789 | D:6      | Killed Dowan
  4789 | D:6      | Gained mutation: You are partially covered in iridescent
                  | scales. (AC +2) [demonic ancestry]
  4789 | D:6      | Reached XP level 8. HP: 58/60 MP: 5/8
  4794 | D:6      | Killed Duvessa
  4855 | D:6      | Reached skill level 1 in Stealth
  4873 | D:6      | Found Nipicise's Armour Shoppe.
  4876 | D:6      | Noticed Grinder
  4894 | D:6      | Paralysed by Grinder for 4 turns
  4901 | D:6      | Killed Grinder
  4901 | D:6      | Reached skill level 7 in Axes
  4901 | D:6      | Reached skill level 1 in Invocations
  5185 | D:6      | Reached ** piety under Okawaru
  5300 | D:6      | Noticed Edmund
  5311 | D:6      | Killed Edmund
  5311 | D:6      | Reached skill level 5 in Armour
  5335 | D:6      | Found a runed door.
  5335 | D:6      | Found a shimmering altar of Xom.
  5335 | D:6      | Noticed Tovarisch's ghost (novice DgSk)
  5337 | D:6      | Noticed a runed dagger
  5347 | D:6      | Reached skill level 5 in Fighting
  5384 | D:6      | Reached XP level 9. HP: 58/68 MP: 9/9
  5400 | D:6      | Found a runed door.
  5426 | D:6      | Noticed Crazy Yiuf
  5430 | D:6      | Killed Crazy Yiuf
  5525 | D:6      | Reached skill level 5 in Shields
  5744 | D:7      | Noticed Menkaure
  5753 | D:7      | Killed Menkaure
  5753 | D:7      | Reached skill level 8 in Axes
  5957 | D:7      | Noticed Joseph
  5969 | D:7      | Killed Joseph
  6153 | D:7      | You fall through a shaft for 3 floors!
  6153 | D:10     | Entered Level 10 of the Dungeon
  6167 | D:10     | Reached *** piety under Okawaru
  6407 | D:8      | Reached skill level 9 in Axes
  6605 | D:7      | Reached **** piety under Okawaru
  6630 | D:7      | Reached XP level 10. HP: 74/76 MP: 11/11
  7071 | D:8      | Noticed a purple ugly thing
  7091 | D:8      | Killed a purple ugly thing
  7273 | D:8      | Reached skill level 10 in Axes
  7285 | D:8      | Reached ***** piety under Okawaru
  7286 | D:8      | Found a staircase to the Lair.
  7363 | D:8      | Noticed a centaur warrior
  7424 | D:8      | Noticed a cyan ugly thing
  7541 | D:8      | Found Afiyduwa's Magic Scroll Shoppe.
  8050 | D:9      | Noticed Psyche
  8063 | D:9      | Killed Psyche
  8178 | D:9      | Found Zyfollod's Weapon Emporium.
  8286 | D:9      | Received a gift from Okawaru
  8287 | D:9      | Found the +3 warlock's mirror {reflect}
  8367 | D:9      | Noticed a two-headed ogre
  8747 | D:9      | Killed a two-headed ogre
  9066 | D:10     | Gained mutation: You are mostly covered in iridescent
                  | scales. (AC +4) [demonic ancestry]
  9066 | D:10     | Reached XP level 11. HP: 65/83 MP: 12/12
  9101 | D:10     | Found a glowing golden altar of the Shining One.
  9318 | D:10     | You fall through a shaft!
  9318 | D:11     | Found a staircase to the Orcish Mines.
  9345 | D:11     | Killed an unseen horror
  9345 | D:11     | Reached skill level 11 in Axes
  9791 | D:11     | Reached skill level 5 in Dodging
 10141 | D:11     | Found a blossoming altar of Fedhas.
 10492 | D:11     | Noticed Sonja
 10707 | Orc:1    | Entered Level 1 of the Orcish Mines
 10814 | Orc:2    | Entered Level 2 of the Orcish Mines
 10814 | Orc:2    | Found a staircase to the Elven Halls.
 10814 | Orc:2    | Noticed Maurice
 10814 | Orc:2    | Noticed an orc warlord
 10814 | Orc:2    | Noticed an orc sorcerer
 10860 | D:11     | Killed Sonja
 11275 | D:12     | Noticed a two-headed ogre
 11287 | D:12     | Killed a two-headed ogre
 11528 | D:12     | Noticed a green ugly thing
 11532 | D:12     | Noticed a death knight
 11545 | D:12     | Killed a green ugly thing
 11559 | D:12     | Killed a death knight
 11635 | D:12     | Noticed Fannar
 11663 | D:12     | Killed from afar by Fannar

Vault maps used:
D:1:      dpeg_arrival_lava_temple_mockup
D:2:      minmay_wonky_spiral, first_ration
D:3:      ebering_ghost_sewer_d, uniq_natasha
D:4:      minmay_temple_entry_grid, st_stairs_14, cheibrodos_ashenzari_chains
D:5:      lemuel_crystal_altar
D:6:      ebering_ghost_xom, serial_shops, shop, uniq_edmund, uniq_duvessa,
          uniq_grinder, uniq_crazy_yiuf_cottage
D:7:      uniq_joseph, uniq_menkaure
D:8:      minmay_lair_entry_grove, serial_shops, shop, minivault_12
D:9:      serial_shops, nicolae_shop_trees, hex_large, kennysheep_nub,
          uniq_psyche
D:10:     basic_altar, grunt_pizzeria
D:11:     david_orc_2, basic_altar, basic_loot_grate_trap, uniq_sonja
D:12:     uniq_fannar
Temple:   nicolae_temple_the_god_donut
Orc:1:    serial_shops, shop, uniq_nergalle, uniq_josephine
Orc:2:    st_orc_mages, uniq_maurice

Skill      XL: |  1  2  3  4  5  6  7  8  9 10 11 |
---------------+----------------------------------+-----
Axes           | 2 3 4 6 7 9 10 11 | 11.9
Armour         | 3 4 5 6 |  6.4
Shields        | 3 4 6 8 |  8.0
Dodging        | 1 2 3 4 5 |  5.4
Fighting       | 4 5 6 7 |  7.6
Stealth        | 1 2 |  2.6
Invocations    | 1 2 |  2.7

Action                   |  1- 3 |  4- 6 |  7- 9 | 10-12 || total
-------------------------+-------+-------+-------+-------++-------
Melee: War axe           |   114 |    89 |       |       ||   203
       Headbutt          |     7 |    30 |    69 |   135 ||   241
       Hand axe          |       |    78 |   292 |   556 ||   926
Invok: Heroism           |       |       |     7 |     7 ||    14
  Use: Potion            |     1 |     2 |       |     4 ||     7
       Scroll            |       |     6 |     3 |     1 ||    10
 Stab: Distracted        |       |     1 |       |       ||     1
       Sleeping          |       |       |       |     2 ||     2
  Eat: Chunk             |     1 |     8 |    11 |    18 ||    38
Armor: Scale mail        |    55 |    52 |    36 |       ||   143
       Leather armour    |       |       |    27 |       ||    27
       Ring mail         |       |       |    17 |   147 ||   164
Dodge: Dodged            |    41 |    47 |    94 |   196 ||   378
Block: Shield            |    63 |    75 |   116 |    80 ||   334
       Buckler           |       |       |       |   130 ||   130
       Reflection        |       |       |       |    14 ||    14

Table legend:
 A = Non-vault XP
 B = Vault XP
 C = Vault XP percentage of total XP
 D = Non-vault monster count
 E = Vault monster count
 F = Vault count percentage of total count
                 A         B        C        D         E       F
            +---------+---------+-------+---------+---------+-------
      Total |   16115 |    4158 |  20.5 |     307 |      37 |  10.8
            +---------+---------+-------+---------+---------+-------
        D:1 |      24 |       0 |   0.0 |      15 |       0 |   0.0
        D:2 |     103 |      12 |  10.4 |      27 |       5 |  15.6
        D:3 |     328 |      36 |   9.9 |      45 |       1 |   2.2
        D:4 |     273 |      39 |  12.5 |      17 |       2 |  10.5
        D:5 |     571 |       0 |   0.0 |      18 |       0 |   0.0
        D:6 |     916 |     682 |  42.7 |      26 |       5 |  16.1
        D:7 |    1197 |     595 |  33.2 |      31 |       2 |   6.1
        D:8 |    1636 |    1284 |  44.0 |      20 |      11 |  35.5
        D:9 |    2057 |     424 |  17.1 |      28 |       1 |   3.4
       D:10 |    1450 |     133 |   8.4 |      16 |       1 |   5.9
       D:11 |    3995 |     953 |  19.3 |      34 |       9 |  20.9
       D:12 |    3261 |       0 |   0.0 |      22 |       0 |   0.0
      Orc:1 |     304 |       0 |   0.0 |       8 |       0 |   0.0
            +---------+---------+-------+---------+---------+-------
